Map: [ESL] Inside and Out

Players

Krystianer - Winner!

  • Race: Protoss Protoss
  • Spawn Location: 1:00

HeroMarine

  • Race: Terran Terran
  • Spawn Location: 7:00

Event: DreamHack SC2 Masters 2022 Atlanta (Online)

VOD

Have the link to the VOD?

Description

Time

  • Played on: Oct. 2, 2022, 12:39 p.m.
  • Length: 13:37

All games in this series

Show
View Real Time Build Order
Export as new Build Order

Krystianer Protoss - Winner!

Build Orders: 1 Gate Expand, Oracle Opening 

Get SALT Encoding   

  12  0:00  Probe  
  13  0:12  Probe  
  14  0:17  Pylon  
  14  0:24  Probe (Chrono Boost)  
  16  0:36  Probe (Chrono Boost), Gateway  
  16  0:43  Probe (Chrono Boost)  
  16  0:46  Assimilator  
  17  0:50  Probe  
  18  1:03  Probe  
  19  1:15  Probe  
  20  1:23  Cybernetics Core  
  20  1:32  Nexus  
  20  1:36  Probe  
  21  1:42  Pylon  
  21  1:48  Probe  
  21  1:50  Assimilator  
  22  1:57  Adept (Chrono Boost)  
  22  2:01  Probe  
  25  2:13  Probe  
  26  2:17  Stargate  
  26  2:18  Adept (Chrono Boost)  
  28  2:25  Probe  
  29  2:38  Probe (Chrono Boost)  
  30  2:44  Warp Gate, Stalker  
  30  2:46  Probe (Chrono Boost)  
  34  2:55  Probe (Chrono Boost)  
  34  2:56  Probe (Chrono Boost)  
  35  3:01  Probe x2 (Chrono Boost)  
  35  3:05  Oracle (Chrono Boost)  
  37  3:13  Probe x2  
  39  3:25  Probe x2  
  41  3:29  Gateway  
  41  3:32  Gateway  
  41  3:38  Probe  
  41  3:39  Twilight Council  
  42  3:41  Probe  
  42  3:50  Probe  
  42  3:53  Probe  
  44  4:02  Probe  
  45  4:06  Probe  
  42  4:10  Blink (Chrono Boost)  
  42  4:12  Pylon  
  42  4:14  Probe  
  43  4:18  Probe  
  44  4:24  Assimilator  
  44  4:26  Probe  
  44  4:30  Probe  
  46  4:33  Stalker x2  
  46  4:36  Stalker  
  46  4:37  Gateway  
  52  4:38  Pylon  
  52  4:39  Probe  
  52  4:42  Probe  
  54  4:56  Probe x2, Pylon  
  54  4:59  Stalker x3  
  64  5:14  Probe x2  
  64  5:19  Pylon  
  64  5:23  Stalker x3  
  70  5:35  Nexus  
  70  5:37  Probe x2  
  72  5:46  Stalker x3  
  78  5:54  Pylon  
  78  6:06  Forge  
  78  6:12  Probe x2  
  80  6:20  Stalker x3  
  80  6:24  Charge (Chrono Boost)  
  80  6:25  Pylon  
  86  6:26  Pylon  
  86  6:32  Probe x2  
  84  6:44  Probe (Chrono Boost)  
  84  6:46  Stalker x2  
  84  6:48  Probe (Chrono Boost), Stalker x2  
  84  6:52  Probe (Chrono Boost)  
  84  6:53  Protoss Ground Weapons Level 1 (Chrono Boost)  
  90  6:56  Probe (Chrono Boost)  
  90  6:59  Probe x2 (Chrono Boost)  
  90  7:00  Probe (Chrono Boost)  
  83  7:08  Probe  
  83  7:11  Gateway  
  83  7:13  Stalker  
  83  7:14  Stalker x3  
  90  7:20  Gateway  
  90  7:22  Gateway  
  90  7:25  Probe  
  90  7:28  Gateway  
  89  7:32  Templar Archives  
  86  7:40  Stalker x2  
  86  7:41  Zealot x2  
  86  7:43  Pylon  
  93  7:44  Assimilator  
  93  7:51  Pylon  
  93  7:52  Assimilator  
  93  7:53  Pylon  
  93  7:54  Shield Battery  
  93  8:06  Zealot x4  
  93  8:07  Probe  
  101  8:19  High Templar x2  
  104  8:25  Zealot, Pylon  
  104  8:26  Archon  
  99  8:27  Zealot x4  
  103  8:44  Gateway  
  103  8:46  Protoss Ground Armor Level 1 (Chrono Boost)  
  103  8:48  Stalker x5  
  103  8:54  Zealot x2, Robotics Facility  
  117  9:00  Probe  
  117  9:02  Assimilator  
  118  9:03  Probe, Pylon  
  119  9:14  Zealot  
  119  9:15  Zealot x6  
  133  9:17  Probe  
  125  9:33  Probe  
  125  9:35  Stalker x4  
  125  9:36  Probe, Stalker  
  125  9:37  Psionic Storm  
  121  9:43  Probe  
  121  9:45  Probe  
  123  9:48  Photon Cannon, Probe  
  123  9:57  Probe, Photon Cannon  
  120  10:01  Probe  
  120  10:03  Pylon  
  120  10:07  High Templar x3  
  123  10:13  Probe  
  127  10:18  Probe  
  127  10:21  Warp Prism (Chrono Boost), Probe  
  127  10:23  High Templar  
  127  10:24  High Templar  
  134  10:32  Zealot x2  
  134  10:33  Probe x2  
  134  10:35  Probe  
  139  10:39  Zealot x4  
  147  10:45  Probe x2  
  147  10:48  Probe  
  136  10:57  Probe x2  
  136  10:58  Observer (Chrono Boost)  
  136  11:00  Zealot x5  
  136  11:01  Probe  
  133  11:09  Probe x2  
  128  11:13  Probe  
  126  11:21  Probe x2  
  126  11:24  Observer (Chrono Boost)  
  127  11:29  High Templar x4  
  127  11:30  Zealot x2  
  137  11:33  Archon  
  137  11:34  Archon  
  137  11:35  Probe  
  138  11:41  Pylon  
  138  11:43  Probe  
  138  11:44  Probe  
  138  11:46  Gateway  
  140  11:48  Probe  
  140  11:49  Gateway  
  139  11:55  Probe  
  139  11:56  Probe  
  139  12:00  Probe  
  130  12:07  Probe  
  105  12:08  Probe  
  105  12:10  Zealot x7  
  105  12:12  Probe  
  115  12:19  Warp Prism (Chrono Boost), Probe  
  116  12:25  Zealot  
  118  12:37  Zealot x7  
  118  12:39  Probe x2  
  118  12:40  Probe  
  135  12:49  Stalker  
  135  12:51  Probe x2  
  133  12:52  Probe  
  133  12:56  Archon  
  133  12:58  High Templar x7  
  140  13:03  Probe x2  
Show
View Real Time Build Order
Export as new Build Order

HeroMarine Terran 

Build Orders:  

Get SALT Encoding   

  12  0:00  SCV  
  13  0:12  SCV  
  14  0:17  Supply Depot  
  14  0:24  SCV  
  15  0:38  SCV  
  15  0:40  Barracks  
  16  0:43  Refinery  
  16  0:50  SCV  
  16  0:53  Refinery  
  17  1:02  SCV  
  18  1:15  SCV  
  19  1:27  Reaper, Orbital Command  
  19  1:28  Supply Depot  
  20  1:40  Factory  
  20  1:52  SCV  
  21  1:59  Reaper  
  22  2:04  SCV  
  23  2:15  Command Center  
  23  2:17  SCV  
  24  2:24  Hellion  
  24  2:29  SCV  
  27  2:38  Barracks Reactor  
  27  2:40  Supply Depot  
  27  2:41  SCV  
  28  2:48  Widow Mine  
  28  2:49  Starport  
  30  2:53  SCV  
  32  3:05  SCV  
  32  3:10  Factory Tech Lab  
  31  3:17  SCV, Marine  
  31  3:18  Marine  
  32  3:27  Medivac  
  32  3:29  Cyclone, SCV  
  38  3:35  Marine x2  
  40  3:42  SCV  
  40  3:46  Orbital Command  
  41  3:53  Marine x2  
  41  3:54  SCV  
  40  4:06  SCV  
  41  4:10  Viking, Siege Tank  
  41  4:11  Marine x2  
  41  4:12  SCV  
  46  4:18  SCV  
  46  4:22  Barracks  
  47  4:24  SCV  
  47  4:27  Supply Depot  
  47  4:29  Marine x2  
  47  4:31  SCV  
  51  4:36  SCV  
  52  4:43  Starport Tech Lab  
  52  4:44  Supply Depot  
  53  4:45  SCV  
  53  4:47  Marine  
  53  4:48  Marine  
  53  4:49  SCV, Siege Tank  
  52  4:57  SCV  
  52  4:59  Barracks  
  51  5:01  SCV  
  51  5:03  Engineering Bay  
  51  5:04  Marine  
  51  5:06  Marine  
  54  5:10  SCV  
  54  5:13  SCV  
  56  5:15  Refinery  
  56  5:18  Stimpack, Marine  
  57  5:22  SCV, Marine  
  57  5:23  Siege Tank  
  57  5:24  Marine  
  57  5:25  SCV  
  64  5:29  Supply Depot  
  64  5:31  Terran Infantry Weapons Level 1  
  64  5:34  SCV  
  63  5:36  Marine  
  63  5:37  SCV  
  63  5:40  Marine  
  66  5:43  Supply Depot, Refinery, Marine  
  66  5:45  Starport Reactor  
  66  5:46  SCV  
  66  5:49  SCV  
  69  5:54  Marine  
  70  5:58  SCV, Marine  
  70  6:00  Combat Shield  
  70  6:01  SCV, Marine x2  
  75  6:05  Supply Depot  
  75  6:10  SCV  
  75  6:14  Marauder  
  75  6:16  Marine  
  77  6:19  Refinery, Marauder, Marine  
  77  6:24  Medivac  
  77  6:25  SCV x2  
  83  6:27  Factory Reactor  
  83  6:33  Marine  
  83  6:35  Marine  
  83  6:36  Factory Tech Lab  
  83  6:37  SCV x2, Marine  
  81  6:41  Marauder  
  78  6:49  SCV, Medivac  
  78  6:51  Marine  
  78  6:53  Marauder  
  84  6:54  Medivac  
  84  6:55  Marine  
  86  7:02  Marine  
  86  7:03  Factory Reactor  
  80  7:09  Marine  
  80  7:12  Marine  
  80  7:13  Command Center  
  80  7:15  Marauder  
  79  7:16  Concussive Shells  
  79  7:20  Marauder  
  79  7:21  Barracks  
  79  7:22  Medivac  
  83  7:24  Barracks  
  83  7:27  SCV x2, Marine  
  83  7:28  Medivac  
  86  7:30  Marine  
  86  7:36  Marauder  
  89  7:38  Armory  
  89  7:39  SCV x2  
  89  7:41  Marauder  
  93  7:45  Marine  
  94  7:55  Supply Depot x2  
  94  8:04  SCV, Marine  
  94  8:13  Supply Depot  
  94  8:16  SCV x2, Medivac, Marine  
  94  8:17  Widow Mine x2, Marauder x3  
  109  8:21  Marine  
  109  8:22  Medivac  
  109  8:28  SCV  
  109  8:29  SCV x2  
  112  8:38  Marauder x2, Marine x2  
  112  8:40  SCV  
  112  8:41  SCV  
  118  8:45  Widow Mine x2  
  118  8:46  Barracks Reactor, Marine  
  121  8:50  Medivac  
  121  8:54  Terran Infantry Weapons Level 2  
  123  8:55  Engineering Bay  
  123  8:56  Marauder, Marine  
  123  8:59  Marauder  
  123  9:01  Marauder  
  130  9:12  Supply Depot  
  130  9:15  Orbital Command  
  129  9:18  Marauder  
  129  9:21  Marauder  
  129  9:23  Marine  
  133  9:28  Marine x2  
  133  9:29  Marine  
  129  9:34  SCV x2  
  117  9:43  Marauder x2  
  117  9:44  Medivac x2, Widow Mine x2  
  125  9:50  Marauder  
  125  9:51  Marine  
  130  9:56  Terran Infantry Armor Level 1, Marine x3  
  130  9:59  Refinery  
  131  10:00  Refinery  
  131  10:04  Marauder  
  131  10:05  Marauder  
  135  10:07  Bunker  
  135  10:09  Widow Mine x2, Marine  
  135  10:13  Supply Depot  
  140  10:15  Supply Depot  
  140  10:22  Marauder  
  140  10:23  Marine  
  140  10:27  Medivac x2, Marauder x2, Marine x2  
  149  10:30  Supply Depot  
  149  10:35  Marine  
  149  10:39  SCV x3  
  149  10:41  Marine  
  146  10:43  Marauder  
  146  10:44  Marine x2  
  146  10:48  Marine  
  146  10:49  Marauder  
  147  10:53  Marine  
  126  10:59  Marine  
  126  11:02  Marine x2  
  124  11:04  Orbital Command, Marine  
  123  11:11  Marine  
  120  11:18  Marine x3  
  120  11:21  Marine  
  120  11:24  Marine x2  
  126  11:29  Marine  
  127  11:35  SCV x2  
  127  11:36  Marine  
  127  11:37  Ghost Academy  
  127  11:38  SCV  
  129  11:47  SCV x2  
  129  11:49  Marine  
  129  11:50  SCV  
  129  11:57  Marauder  
  129  11:59  SCV x2  
  129  12:04  SCV  
  129  12:07  Marine  
  90  12:11  SCV, Marauder, Marine x3  
  90  12:12  Medivac x2, Widow Mine x2  
  95  12:16  Marauder  
  95  12:19  Marauder  
  94  12:25  Marine  
  94  12:29  Marine x3  
  98  12:32  Marauder  
  98  12:37  Marine, Orbital Command  
  97  12:39  Ghost  
  97  12:42  Medivac, Marine  
  77  12:47  Marine x3  
  71  12:53  Ghost  
  71  12:54  Marine  
  64  13:00  Marine  
Tags
 
Add a new tag
Caveats
  • Supply blocks, unpowered buildings, or Contaminate may cause inaccurate times.
  • Supply counts are checked every 10 seconds.